 Seeded DCSS version 0.26.1-10-gdfb7c7de75 (webtiles) character file.

Game seed: 13435453013147752700 (custom seed)

6209 wilfster70 the Frost Mage (level 10, -10/76 HPs)
             Began as a Gnoll Ice Elementalist on Apr 11, 2021.
             Was a Believer of Ashenzari.
             Mangled by a two-headed ogre
             ... wielding a +0 giant club
              (22 damage)
             ... on level 9 of the Dungeon.
             The game lasted 00:24:34 (10215 turns).

wilfster70 the Frost Mage (Gnoll Ice Elementalist) Turns: 10215, Time: 00:24:35

Health: -10/76     AC:  5    Str: 10    XL:     10   Next: 92%
Magic:  17/21      EV: 16    Int: 24    God:    Ashenzari [**....]
Gold:   635        SH:  5    Dex: 16    Spells: 13/24 levels left

rFire    + + .     SeeInvis .   a - +9 falchion "Bisade" {vorpal, rElec Int+3} (curse)
rCold    . . .     Faith    .   (no shield)
rNeg     . . .     Spirit   .   z - +2 leather armour {rF+}
rPois    .         Reflect  +   (no helmet)
rElec    +         Harm     .   (no cloak)
rCorr    .         Rampage  .   (no gloves)
Will     .....                  (no boots)
Stlth    ++++......             r - amulet of reflection
HPRegen  0.22/turn              k - ring of protection from fire
MPRegen  0.17/turn              y - ring of stealth

@: frozen ramparts
A: distributed training, fangs 1, strong nose
a: Renounce Religion, Curse Item, Scrying


You were on level 9 of the Dungeon.
You worshipped Ashenzari.
Ashenzari was pleased with you.
You visited 1 branch of the dungeon, and saw 10 of its levels.

You collected 635 gold pieces.

Inventory:

Hand Weapons
 a - the cursed +9 falchion "Bisade" (weapon) {vorpal, rElec Int+3}
   (You found it on level 6 of the Dungeon)

   It inflicts extra damage upon your enemies.
   It affects your intelligence (+3).
   It insulates you from electricity.
   It has a curse placed upon it.
Missiles
 n - 24 poisoned darts
Armour
 z - a +2 leather armour of fire resistance (worn)
Jewellery
 k - a ring of protection from fire (left hand)
 r - an amulet of reflection (around neck)
 y - a ring of stealth (right hand)
Wands
 v - a wand of random effects (9)
 C - a wand of acid (6)
 D - a wand of polymorph (5)
Scrolls
 f - 2 scrolls of fear {unknown}
 g - a scroll of fog {unknown}
 h - 3 scrolls of amnesia {unknown}
 j - a scroll of enchant weapon {unknown}
 m - 2 scrolls of magic mapping
 s - 5 scrolls of remove curse
 t - 2 scrolls of blinking
 u - 3 scrolls of teleportation
 w - 2 scrolls of immolation {unknown}
Potions
 b - 3 potions of heal wounds {unknown}
 c - 2 potions of invisibility {unknown}
 d - 3 potions of haste {unknown}
 e - 5 potions of might
 l - a potion of mutation
 o - a potion of lignification {unknown}
 p - 2 potions of flight
 q - 2 potions of brilliance
 x - a potion of cancellation {unknown}
 A - 3 potions of curing {unknown}
 B - a potion of ambrosia {unknown}


   Skills:
 + Level 5.7 Fighting
 + Level 5.7 Short Blades
 + Level 5.7(8.0) Long Blades
 + Level 5.7 Axes
 + Level 5.7 Maces & Flails
 + Level 5.7 Polearms
 + Level 5.7 Staves
 + Level 5.7 Slings
 + Level 5.7 Bows
 + Level 5.7 Crossbows
 + Level 5.7 Throwing
 + Level 5.7 Armour
 + Level 7.4 Dodging
 + Level 7.2 Stealth
 + Level 5.7 Shields
 + Level 5.7 Unarmed Combat
 + Level 7.7 Spellcasting
 + Level 4.7 Conjurations
 + Level 4.7 Hexes
 + Level 4.7 Summonings
 + Level 4.7 Necromancy
 + Level 4.7 Translocations
 + Level 4.7 Transmutations
 + Level 4.7 Fire Magic
 + Level 8.6 Ice Magic
 + Level 4.7 Air Magic
 + Level 4.7 Earth Magic
 + Level 4.7 Poison Magic
 + Level 6.3 Invocations
 + Level 5.7 Evocations


You had 13 spell levels left.
You knew the following spells:

 Your Spells              Type           Power        Failure   Level
a - Magic Dart            Conj           100%         1%          1
b - Frozen Ramparts       Ice            100%         1%          3
c - Ozocubu's Armour      Ice            50%          1%          3
d - Freeze                Ice            100%         1%          1
e - Conjure Flame         Conj/Fire      32%          3%          3

Your spell library contained the following spells:

 Spells                   Type           Power        Failure   Level
 Blink                    Tloc           N/A          1%          2
 Call Imp                 Summ           32%          1%          2
 Slow                     Hex            32%          1%          2
 Mephitic Cloud           Conj/Pois/Air  32%          3%          3
 Hailstorm                Conj/Ice       41%          5%          4
 Summon Ice Beast         Ice/Summ       41%          5%          4


Dungeon Overview and Level Annotations

Branches:
Dungeon (10/15)            Temple (0/1) D:6
   Lair: D:8-11         Orc: D:9-12

Altars:
Ashenzari
Hepliaklqana
Nemelex Xobeh
Okawaru

Shops:
D:8 :

Annotations:
D:6 2 transporters, Domino's ghost, novice MiBe


Innate Abilities, Weirdness & Mutations

Your experience applies equally to all skills.
You have very sharp teeth.
Your uncanny sense of smell can sniff out nearby items.


Message History

The two-headed ogre hits you with a +0 giant club!
You slash the two-headed ogre!
You bite the two-headed ogre, but do no damage.
The two-headed ogre is moderately wounded.
The wall freezes the two-headed ogre.
The two-headed ogre barely misses you.
The two-headed ogre hits you but does no damage.
You hit the two-headed ogre but do no damage.
The two-headed ogre is moderately wounded.
You hit the two-headed ogre.
The two-headed ogre is moderately wounded.
The wall freezes the two-headed ogre.
The two-headed ogre hits you with a +0 giant club!
The two-headed ogre barely misses you.
You hit the two-headed ogre. You punch the two-headed ogre.
The two-headed ogre is severely wounded.
The wall freezes the two-headed ogre!
The two-headed ogre hits you with a +0 giant club!!
* * * LOW HITPOINT WARNING * * *
The two-headed ogre hits you with a +0 giant club!!
You die...

#...)...#.......###
###.......#......)..#
..........'.....>...#
###.......#.........#
###.......#####..####
.................#
.####....######..# .#
#....# #...O# .# ######
#...@######
.############....#....#
............'.........#####
.############.............#
.# #.....# ###.#..######.#
'####.....# #.#..## #.#
....#.....# #.#...# #.#
....#.....# #.#.#.## #.#
....#.....# #)#.#..# #.#


You could see a two-headed ogre.

Vanquished Creatures
  A two-headed ogre (D:9)
  An unseen horror (D:10)
  Eustachio (D:5)
  10 yaks
  Menkaure (D:6)
  A water moccasin (D:9)
  A sky beast (D:9)
  3 orc warriors
  A phantom (D:7)
  3 ogres
  2 centaurs
  2 big kobolds (D:7)
  5 bullfrogs
  5 scorpions
  6 killer bees (D:4)
  6 wights
  3 howler monkeys
  A bullfrog zombie (D:9)
  A quasit (D:9)
  A hound (D:5)
  2 jellies
  2 centaur skeletons
  9 orc priests
  4 orc wizards
  2 bullfrog skeletons
  Ijyb (D:3)
  3 worker ants
  A hound skeleton (D:4)
  A howler monkey skeleton (D:9)
  3 gnolls (D:3)
  14 adders
  2 white imps
  2 adder skeletons
  2 worms
  2 dart slugs (D:2)
  3 leopard geckos
  22 orcs
  3 ball pythons
  5 bats
  3 giant cockroaches
  5 goblins
  4 hobgoblins
  10 jackals
  16 kobolds
  4 quokkas
  5 frilled lizards
  7 rats
192 creatures vanquished.

Vanquished Creatures (others)
  19 fungi (D:10)
  19 plants (D:10)
38 creatures vanquished.

Grand Total: 230 creatures vanquished

Notes
Turn   | Place    | Note
-------+----------+-------------------------------------------
     0 | D:1      | wilfster70 the Gnoll Ice Elementalist began the quest for
                  | the Orb.
     0 | D:1      | Reached XP level 1. HP: 13/13 MP: 6/6
    74 | D:1      | Found a broken altar of Ashenzari.
   211 | D:1      | Reached XP level 2. HP: 18/19 MP: 4/7
   544 | D:1      | Became a worshipper of Ashenzari the Shackled
   733 | D:1      | Reached XP level 3. HP: 23/25 MP: 6/9
   742 | D:1      | Learned a level 3 spell: Frozen Ramparts
   800 | D:2      | Reached skill level 5 in Spellcasting
   848 | D:2      | Learned a level 3 spell: Ozocubu's Armour
  1129 | D:2      | Reached skill level 1 in Invocations
  1263 | D:2      | Reached skill level 1 in Fighting
  1263 | D:2      | Reached skill level 1 in Short Blades
  1263 | D:2      | Reached skill level 1 in Long Blades
  1263 | D:2      | Reached skill level 1 in Axes
  1263 | D:2      | Reached skill level 1 in Maces & Flails
  1263 | D:2      | Reached skill level 1 in Polearms
  1263 | D:2      | Reached skill level 1 in Staves
  1263 | D:2      | Reached skill level 1 in Slings
  1263 | D:2      | Reached skill level 1 in Bows
  1263 | D:2      | Reached skill level 1 in Crossbows
  1263 | D:2      | Reached skill level 1 in Throwing
  1263 | D:2      | Reached skill level 1 in Armour
  1263 | D:2      | Reached skill level 1 in Shields
  1263 | D:2      | Reached skill level 1 in Unarmed Combat
  1263 | D:2      | Reached skill level 1 in Evocations
  1341 | D:2      | Reached XP level 4. HP: 31/32 MP: 11/11
  1663 | D:3      | Learned a level 1 spell: Magic Dart
  1778 | D:3      | Reached skill level 1 in Conjurations
  1778 | D:3      | Reached skill level 1 in Hexes
  1778 | D:3      | Reached skill level 1 in Summonings
  1778 | D:3      | Reached skill level 1 in Necromancy
  1778 | D:3      | Reached skill level 1 in Translocations
  1778 | D:3      | Reached skill level 1 in Transmutations
  1778 | D:3      | Reached skill level 1 in Fire Magic
  1778 | D:3      | Reached skill level 1 in Air Magic
  1778 | D:3      | Reached skill level 1 in Earth Magic
  1778 | D:3      | Reached skill level 1 in Poison Magic
  1921 | D:3      | Found a sparkling altar of Nemelex Xobeh.
  2072 | D:3      | Reached XP level 5. HP: 31/37 MP: 8/12
  2332 | D:3      | Noticed Ijyb
  2344 | D:3      | Killed Ijyb
  2817 | D:4      | Reached XP level 6. HP: 43/44 MP: 13/13
  2990 | D:4      | Found an iron altar of Okawaru.
  3214 | D:4      | Reached skill level 5 in Dodging
  3604 | D:4      | Reached XP level 7. HP: 27/50 MP: 8/15
  3629 | D:4      | Found a hazy altar of Hepliaklqana.
  4276 | D:4      | Reached skill level 5 in Stealth
  4647 | D:5      | Entered Level 5 of the Dungeon
  4698 | D:5      | Noticed Eustachio
  4737 | D:5      | Killed Eustachio
  4738 | D:5      | Reached XP level 8. HP: 49/58 MP: 11/16
  4822 | D:5      | Reached * piety under Ashenzari
  5234 | D:6      | Noticed a wraith
  5583 | D:6      | Got the falchion "Bisade" {vorpal, rElec Int+3}
  5590 | D:6      | Identified the cursed +9 falchion "Bisade" {vorpal, rElec
                  | Int+3} (You found it on level 6 of the Dungeon)
  5743 | D:6      | Found a staircase to the Ecumenical Temple.
  5800 | D:6      | Found a transporter.
  5802 | D:6      | Noticed Domino's ghost (novice MiBe)
  5816 | D:6      | Found a transporter.
  5901 | D:6      | Noticed Menkaure
  5904 | D:6      | Killed Menkaure
  6237 | D:7      | Reached XP level 9. HP: 42/65 MP: 12/18
  6245 | D:7      | Learned a level 3 spell: Conjure Flame
  6731 | D:7      | Reached skill level 8 in Ice Magic
  6966 | D:7      | Reached ** piety under Ashenzari
  7396 | D:8      | Found Xopteit's Book Boutique.
  7675 | D:8      | Identified the +1 robe "Umacvyng" {Rampage rN+ Str+3}
  8596 | D:9      | Reached skill level 5 in Invocations
  8605 | D:9      | Reached XP level 10. HP: 41/73 MP: 18/20
  8895 | D:9      | Reached skill level 5 in Fighting
  8895 | D:9      | Reached skill level 5 in Short Blades
  8895 | D:9      | Reached skill level 5 in Long Blades
  8895 | D:9      | Reached skill level 5 in Axes
  8895 | D:9      | Reached skill level 5 in Maces & Flails
  8895 | D:9      | Reached skill level 5 in Polearms
  8895 | D:9      | Reached skill level 5 in Staves
  8895 | D:9      | Reached skill level 5 in Slings
  8895 | D:9      | Reached skill level 5 in Bows
  8895 | D:9      | Reached skill level 5 in Crossbows
  8895 | D:9      | Reached skill level 5 in Throwing
  8895 | D:9      | Reached skill level 5 in Armour
  8895 | D:9      | Reached skill level 5 in Shields
  8895 | D:9      | Reached skill level 5 in Unarmed Combat
  8895 | D:9      | Reached skill level 5 in Evocations
  8980 | D:9      | Noticed a two-headed ogre
  8994 | D:9      | Killed a two-headed ogre
  9406 | D:10     | Entered Level 10 of the Dungeon
  9630 | D:10     | Killed an unseen horror
 10131 | D:10     | Noticed a two-headed ogre
 10215 | D:9      | Mangled by a two-headed ogre

Illustrated notes

Levels and vault maps discovered:
D:1:      giann_forest_graveyard, layout_rooms, serial_curves, eino_curves_03,
          eino_curves_03, hangedman_abyss_or_decor_stabs,
          nicolae_ashenzari_panopticon
D:2:      layout_rooms
D:3:      layout_basic, chequers_decorated_corner, nemelex_spade_bored_becter,
          uniq_ijyb
D:4:      layout_loops_ring, nicolae_overflow_hidden_temple, okawaru_gym_becter
D:5:      layout_rooms, uniq_eustachio
D:6:      layout_loops_ring, minmay_temple_entry_sparse_star,
          gammafunk_ghost_mausoleum, uniq_menkaure
D:7:      layout_basic
D:8:      layout_loops_corners, serial_shops,
          nicolae_shop_temple_entry_statues_fountains
D:9:      layout_basic, serial_curves, eino_curves_02, eino_curves_01
D:10:     layout_irregular_city, grunt_lair_entry_orc_guard_hut

Skill      XL: |  1  2  3  4  5  6  7  8  9 10 |
---------------+-------------------------------+-----
Spellcasting   | 5 6 7 |  7.7
Invocations    | 1 2 3 4 5 6 |  6.3
Fighting       | 1 2 3 4 5 |  5.7
Short Blades   | 1 2 3 4 5 |  5.7
Long Blades    | 1 2 3 4 5 |  5.7
Axes           | 1 2 3 4 5 |  5.7
Maces & Flails | 1 2 3 4 5 |  5.7
Polearms       | 1 2 3 4 5 |  5.7
Staves         | 1 2 3 4 5 |  5.7
Slings         | 1 2 3 4 5 |  5.7
Bows           | 1 2 3 4 5 |  5.7
Crossbows      | 1 2 3 4 5 |  5.7
Throwing       | 1 2 3 4 5 |  5.7
Armour         | 1 2 3 4 5 |  5.7
Shields        | 1 2 3 4 5 |  5.7
Unarmed Combat | 1 2 3 4 5 |  5.7
Evocations     | 1 2 3 4 5 |  5.7
Conjurations   | 1 2 3 4 |  4.7
Hexes          | 1 2 3 4 |  4.7
Summonings     | 1 2 3 4 |  4.7
Necromancy     | 1 2 3 4 |  4.7
Translocations | 1 2 3 4 |  4.7
Transmutations | 1 2 3 4 |  4.7
Fire Magic     | 1 2 3 4 |  4.7
Air Magic      | 1 2 3 4 |  4.7
Earth Magic    | 1 2 3 4 |  4.7
Poison Magic   | 1 2 3 4 |  4.7
Dodging        | 5 6 7 |  7.4
Stealth        | 5 6 7 |  7.2
Ice Magic      | 8 |  8.6

Action                   |  1- 3 |  4- 6 |  7- 9 | 10-12 || total
-------------------------+-------+-------+-------+-------++-------
Melee: Short sword       |    42 |       |       |       ||    42
       Bite              |     4 |     8 |    21 |    10 ||    43
       Dagger            |       |    40 |       |       ||    40
       Spear             |       |    30 |    91 |       ||   121
       Morningstar       |       |     8 |     1 |       ||     9
       Falchion          |       |       |    95 |    66 ||   161
       Punch             |       |       |       |     3 ||     3
 Cast: Freeze            |    11 |     1 |       |       ||    12
       Frozen Ramparts   |     5 |    20 |    35 |    16 ||    76
       Magic Dart        |       |     3 |       |     4 ||     7
Invok: Curse Item        |       |       |     1 |       ||     1
Evoke: Wand              |       |     2 |       |     3 ||     5
  Use: Scroll            |     1 |     2 |     4 |     2 ||     9
 Stab: Sleeping          |     8 |     5 |    11 |     7 ||    31
Armor: Leather armour    |     7 |    10 |    24 |    11 ||    52
Dodge: Dodged            |    30 |    52 |   117 |    56 ||   255
Block: Other             |       |       |    14 |    12 ||    26
       Reflection        |       |       |     3 |       ||     3
       Rpst.: Falchion   |       |       |    15 |    14 ||    29
